 Dungeon Crawl Stone Soup version 0.32-a0-360-gcd93b57ba1 (webtiles) character file.

Game seed: 14220703885718637079

280 Goblin1989 the Shooter (level 6, 0/44 HPs)
             Began as a Coglin Gladiator on Feb 18, 2024.
             Slain by Terence
             ... wielding a +2 morningstar of protection
              (1 damage)
             ... on level 3 of the Dungeon.
             The game lasted 00:02:59 (1809 turns).

Goblin1989 the Shooter (Coglin Gladiator)           Turns: 1809, Time: 00:03:00

Health: 0/44       AC:  9    Str: 17    XL:     6   Next: 27%
Magic:  6/6        EV:  8    Int:  7    God:
Gold:   105        SH:  0    Dex: 15    Spells: 5/5 levels left

rFire   . . .        l - +0 sling {Wira}
rCold   . . .        k - +0 sling {Yuxuan}
rNeg    . . .        r - +0 chain mail
rPois   .            c - +0 helmet
rElec   .            (no cloak)
rCorr   .            (no gloves)
SInv    .            (no boots)
Will    .....        (no amulet) Stlth
                     (no ring)
HPRegen 0.27/turn    (no ring)
MPRegen 0.10/turn

%: no passive effects
@: revved, stiff-legged, very slow
A: off-hand wielding, slow wielding, warmup strikes, warmup strides
a: no special abilities


You were on level 3 of the Dungeon.
You visited 1 branch of the dungeon, and saw 3 of its levels.

You collected 105 gold pieces.

Inventory:

Hand Weapons
 a - a +0 flail {Hugo}
 k - a +0 sling (worn) {Yuxuan}
 l - a +0 sling (weapon) {Wira}
Missiles
 d - 3 throwing nets {!d , @Q1}
 e - a javelin
Armour
 c - a +0 helmet (worn)
 r - a +0 chain mail (worn)
Wands
 s - a wand of flame (17) {@v1}
Scrolls
 f - a scroll of immolation {unknown}
 i - a scroll of fog {unknown}
 j - a scroll of blinking {unknown}
 p - a scroll of identify {unknown}
 q - a scroll of poison {unknown}
Potions
 g - 3 potions of mutation {unknown}
 h - a potion of enlightenment {unknown}
 m - a potion of attraction {unknown}
 n - 2 potions of berserk rage {unknown}
 o - 2 potions of brilliance {unknown}


   Skills:
 - Level 2.0 Fighting
 - Level 4.1 Maces & Flails
 + Level 4.4 Ranged Weapons
 - Level 1.7 Throwing
 - Level 2.6 Dodging


You had 5 spell levels left.
You didn't know any spells.
Your spell library was empty.

Dungeon Overview and Level Annotations

Branches:
Dungeon (3/15) Zot: 16065

Altars:

Annotations:
D:3 3 runed translucent doors, Robin, Terence


Innate Abilities, Weirdness & Mutations

You can wield a second weapon in your off-hand.
It takes a long time for you to wield or remove held weapons.
Your first few attacks do less damage.
Your first movements take longer.


Message History

You regained 8 hp, and now have 29/44 hp.
MP restored: 6 Unknown command.
Things that are here:
a +0 club; a goblin corpse
s - a wand of flame (17) {@v1}
Things that are here:
a +0 scythe; a +0 robe Health restored: 44
Things that are here:
a +0 club; a goblin corpse You now have 105 gold pieces (gained 11).
Found a mace.
Terence the Incautious comes into view.
He is wielding a +2 morningstar of protection.
Terence shouts!
You shoot a sling bullet.
The sling bullet hits Terence but does no damage.
You shoot a sling bullet. The sling bullet barely misses Terence.
You shoot a sling bullet.
The sling bullet hits Terence but does no damage.
You shoot a sling bullet. The sling bullet hits Terence.
Terence is lightly wounded.
Terence hits you but does no damage.
You shoot a sling bullet. The sling bullet barely misses Terence.
You shoot a sling bullet. The sling bullet barely misses Terence.
Terence hits you with a +2 morningstar of protection.
You take 6 damage, and have 38/44 hp.
You shoot a sling bullet.
The sling bullet hits Terence but does no damage.
You shoot a sling bullet.
The sling bullet hits Terence but does no damage.
Terence misses you.
Terence hits you with a +2 morningstar of protection!
You take 11 damage, and have 27/44 hp.
MASSIVE DAMAGE!!
You shoot a sling bullet. The sling bullet barely misses Terence.
You shoot a sling bullet.
The sling bullet hits Terence but does no damage.
Terence hits you with a +2 morningstar of protection.
You shoot a sling bullet.
The sling bullet hits Terence but does no damage.
You shoot a sling bullet. The sling bullet hits Terence.
Terence is lightly wounded.
Terence hits you with a +2 morningstar of protection!
* * * LOW HITPOINT WARNING * * *
Terence hits you with a +2 morningstar of protection.
* * * LOW HITPOINT WARNING * * *
You take 19 damage, and have 8/44 hp.
MASSIVE DAMAGE!!
You are too injured to fight recklessly!
You are too injured to fight recklessly!
You are too injured to fight recklessly!
Terence hits you with a +2 morningstar of protection.
* * * LOW HITPOINT WARNING * * *
You take 1 damage, and have 7/44 hp.
Terence asks, "Do you want it fast or slow?"
Unknown command.
Fire: l) +0 sling {Wira}
Press: ? - help, Q - select action, (/) - cycle Shift-Dir - straight line, f/p - Terence
Aim: Terence, wielding a +2 morningstar of protection and wearing a +0 scale mail (lightly wounded, 63% to hit)
You shoot a sling bullet. The sling bullet hits Terence.
Terence is moderately wounded.
You shoot a sling bullet.
The sling bullet completely misses Terence.
Terence asks, "Do you want it fast or slow?"
Terence closely misses you.
Terence hits you with a +2 morningstar of protection.
* * * LOW HITPOINT WARNING * * *
You take 5 damage, and have 3/44 hp.
Fire: l) +0 sling {Wira}
Press: ? - help, Q - select action, (/) - cycle Shift-Dir - straight line, f/p - Terence
Aim: Terence, wielding a +2 morningstar of protection and wearing a +0 scale mail (moderately wounded, 63% to hit)
You shoot a sling bullet. The sling bullet hits Terence.
Terence is heavily wounded.
You shoot a sling bullet.
The sling bullet hits Terence but does no damage.
Terence is heavily wounded.
Terence hits you but does no damage.
Fire: l) +0 sling {Wira}
Press: ? - help, Q - select action, (/) - cycle Shift-Dir - straight line, f/p - Terence
Aim: Terence, wielding a +2 morningstar of protection and wearing a +0 scale mail (heavily wounded, 63% to hit)
You shoot a sling bullet.
The sling bullet closely misses Terence.
You shoot a sling bullet.
The sling bullet hits Terence but does no damage.
Terence is heavily wounded.
Terence barely misses you.
Terence hits you with a +2 morningstar of protection.
* * * LOW HITPOINT WARNING * * *
You take 2 damage, and have 1/44 hp.
Fire: l) +0 sling {Wira}
Press: ? - help, Q - select action, (/) - cycle Shift-Dir - straight line, f/p - Terence
Aim: Terence, wielding a +2 morningstar of protection and wearing a +0 scale mail (heavily wounded, 63% to hit)
You shoot a sling bullet.
The sling bullet hits Terence but does no damage.
Terence is heavily wounded.
You shoot a sling bullet.
The sling bullet hits Terence but does no damage.
Terence is heavily wounded.
Terence hits you with a +2 morningstar of protection.
You die...
Terence says, "That felt goooood." ████)██████

.........<▲ ████.██████
█.████ ██ █....█ .. ████.█
███ .█ █.█ ███.███.█ █.█
█.....█$███.█ █.█
.████.@@........█
█.██..............███
█.███████.....█████ █.█
█.....█ ███████.█ ███.█.█
........█ █.█.█
.......██████████.█.█
....................███████
██████.██████████...).....█


You could see Terence.

Vanquished Creatures
  Sigmund (D:3)
  3 adders (D:2)
  4 dart slugs
  An orc (D:3)
  4 endoplasms
  A giant cockroach (D:1)
  6 goblins
  2 hobgoblins (D:3)
  3 jackals (D:1)
  4 kobolds
  6 ball pythons
  5 bats
  2 frilled lizards (D:1)
  5 rats
47 creatures vanquished.

Notes
Turn   | Place    | Note
-------+----------+-------------------------------------------
     0 | D:1      | Goblin1989 the Coglin Gladiator began the quest for the
                  | Orb.
     0 | D:1      | Reached XP level 1. HP: 16/16 MP: 1/1
   141 | D:1      | Reached XP level 2. HP: 22/22 MP: 2/2
   244 | D:1      | HP: 1/22 [dart slug (1)]
   248 | D:1      | Reached XP level 3. HP: 3/27 MP: 3/3
   992 | D:2      | Reached skill level 1 in Ranged Weapons
   992 | D:2      | Reached XP level 4. HP: 33/33 MP: 4/4
  1502 | D:3      | Noticed Robin
  1615 | D:3      | Found a runed translucent gate.
  1635 | D:3      | Found a runed translucent gate.
  1635 | D:3      | Found a runed translucent gate.
  1678 | D:3      | Noticed Sigmund
  1691 | D:3      | Killed Sigmund
  1692 | D:3      | Reached XP level 5. HP: 25/38 MP: 5/5
  1692 | D:3      | Reached XP level 6. HP: 29/44 MP: 6/6
  1795 | D:3      | Noticed Terence
  1808 | D:3      | HP: 1/44 [Terence/+2 morningstar of protection (3)]
  1809 | D:3      | Slain by Terence

Illustrated notes

Levels and vault maps discovered:
D:1:      eino_arrival_water_star, layout_loops_ring
D:2:      layout_basic, minmay_unequal
D:3:      layout_loops_ring, vehumet_altar_wand_db, ebering_ghost_rock_garden,
          hellmonk_ecumenical_altar_crossroads, kennysheep_another_room,
          uniq_jessica, uniq_sigmund, uniq_terence, uniq_robin

Skill      XL: |  1  2  3  4 |
---------------+-------------+-----
Maces & Flails | 3 4 |  4.1
Ranged Weapons | 1 4 |  4.4
Fighting       | |  2.0
Throwing       | |  1.7
Dodging        | |  2.6

Action                     |  1- 3 |  4- 6 || total
---------------------------+-------+-------++-------
  Melee: Flail             |    61 |       ||    61
   Fire: Sling             |    32 |   118 ||   150
   Stab: Sleeping          |     1 |       ||     1
 Armour: Leather armour    |    51 |     4 ||    55
         Chain mail        |       |    52 ||    52
  Dodge: Dodged            |    58 |    22 ||    80

Table legend: (Time is in decaauts)
 A = Elapsed time spent in this place.
 B = Non-inter-level travel time spent in this place.
 C = Inter-level travel time spent in this place.
 D = Time resting spent in this place.
 E = Time spent auto-exploring this place.
 F = Levels seen in this place.
 G = Mean time per level.
                   A        B        C        D        E       F      G
               +--------+--------+--------+--------+--------+-----+--------+
         Total |   1932 |   1761 |    171 |      0 |   1403 |   3 |  644.0 |
       Dungeon |   1932 |   1761 |    171 |      0 |   1403 |   3 |  644.0 |
               +--------+--------+--------+--------+--------+-----+--------+

Top non-repeatable levels by time:
     D:1: 876 daAuts
     D:2: 746 daAuts
     D:3: 309 daAuts
